Workbook

Sheet February 2015
A1: Check Number | C1: Check Date | D1: Vendor Name | F1: Transaction Amount | R1: Description | S1: Account Name | T1: Department | U1: Division | V1: Object of Expenditure | W1: Project Number
A2: 413605 | C2: 42038 | D2: BOB TOMES FORD | F2: 112.01 | R2: BLANKET PURCHASE ORDER | S2: AUTO MAINTENANCE | T2: EQUIPMENT SERVICES | U2: EQUIP SERV-SHARED | V2: BLANKET PURCHASE ORDER
F5: -81.81 | R5: INV# 5409553 | S5: AUTO MAINTENANCE | T5: EQUIPMENT SERVICES | U5: EQUIP SERV-SHARED | V5: INV# 5409553
F6: -404.43 | R6: INV# 5409660 | S6: AUTO MAINTENANCE | T6: EQUIPMENT SERVICES | U6: EQUIP SERV-SHARED | V6: INV# 5409660
F7: 404.43 | R7: INV# 5409685 | S7: AUTO MAINTENANCE | T7: EQUIPMENT SERVICES | U7: EQUIP SERV-SHARED | V7: INV# 5409685
F8: -214.71 | R8: INV# 5410494 | S8: AUTO MAINTENANCE | T8: EQUIPMENT SERVICES | U8: EQUIP SERV-SHARED | V8: INV# 5410494
F9: 214.71 | R9: INV# 5410967 | S9: AUTO MAINTENANCE | T9: EQUIPMENT SERVICES | U9: EQUIP SERV-SHARED | V9: INV# 5410967
F10: -263.32 | R10: INV# 5410999 | S10: AUTO MAINTENANCE | T10: EQUIPMENT SERVICES | U10: EQUIP SERV-SHARED | V10: INV# 5410999
F11: 263.32 | R11: INV# 5411016 | S11: AUTO MAINTENANCE | T11: EQUIPMENT SERVICES | U11: EQUIP SERV-SHARED | V11: INV# 5411016
A12: 413948 | C12: 42045 | F12: 65.51 | R12: BLANKET PURCHASE ORDER | S12: AUTO MAINTENANCE | T12: EQUIPMENT SERVICES | U12: EQUIP SERV-SHARED | V12: BLANKET PURCHASE ORDER
A13: 414286 | C13: 42052 | F13: 665.97 | R13: AUTO/TRUCK MAINT. ITEMS | S13: PARTS | V13: AUTO/TRUCK MAINT. ITEMS
F14: 233 | R14: BLANKET PURCHASE ORDER | S14: AUTO MAINTENANCE | T14: EQUIPMENT SERVICES | U14: EQUIP SERV-SHARED | V14: BLANKET PURCHASE ORDER
N19: =SUM(hList_Frame_1!B1:B16) -> 994.68
A21: 413949 | C21: 42045 | D21: BOB BARKER CO | F21: 228.54 | R21: CLOTHING AND APPAREL | S21: DETENTION SUPPLIES | T21: SHERIFF'S OFFICE | U21: JAIL OPS-ADMIN | V21: CLOTHING AND APPAREL
F22: -110.3 | R22: UT1000328535. | S22: DETENTION SUPPLIES | T22: SHERIFF'S OFFICE | U22: JAIL OPS-ADMIN | V22: UT1000328535.
F23: 110.3 | R23: UT1000335226 | S23: DETENTION SUPPLIES | T23: SHERIFF'S OFFICE | U23: JAIL OPS-ADMIN | V23: UT1000335226
A24: 414287 | C24: 42052 | F24: 81.6 | R24: CLOTHING AND APPAREL | S24: DETENTION SUPPLIES | T24: JUVENILE PROBATION | U24: JUV DET -ADMIN | V24: CLOTHING AND APPAREL
F25: 112.06 | R25: PERSONAL HYGIENE&GROOMING | S25: DETENTION SUPPLIES | T25: JUVENILE PROBATION | U25: JUV DET -ADMIN | V25: PERSONAL HYGIENE&GROOMING
N27: =SUM(hList_Frame_1!B17:B21) -> 422.2
A29: 413606 | C29: 42038 | D29: ECOLAB INC | F29: 1039.8 | R29: BUTCHER/MEAT PROC. EQUIP. | S29: DETENTION SUPPLIES | T29: SHERIFF'S OFFICE | U29: JAIL OPS-ADMIN | V29: BUTCHER/MEAT PROC. EQUIP.
F30: 2448.9 | R30: JANITORIAL SUPPLIES-GEN. | S30: ANIMAL CARE | T30: ANIMAL SHELTER | U30: ANIMAL SHELTER-ADMIN | V30: JANITORIAL SUPPLIES-GEN.
S31: DETENTION SUPPLIES | T31: SHERIFF'S OFFICE | U31: JAIL OPS-ADMIN
L33: =SUM(hList_Frame_1!B22:B24) -> 3488.7
A35: 414288 | C35: 42052 | D35: MATTHEW BENDER & CO | F35: 55.44 | R35: PUBLICATIONS/AUDIOVISUALS | S35: DUES & SUBSCRIPTIONS | T35: HEALTHCARE SERVICES | U35: INDIGENT HC-ADMIN | V35: PUBLICATIONS/AUDIOVISUALS
P37: =SUM(hList_Frame_1!B25:B25) -> 55.44
A39: 413950 | C39: 42045 | D39: GIBBS, GREGG M PC | F39: 950 | R39: 417-30136-14 | S39: MISCELLANEOUS | T39: INDIGENT DEFENSE | U39: INDIGENT DEFENSE | V39: 417-30136-14 | W39: ID417O
F40: 625 | R40: 429-51132-14 | S40: COURT APPOINTED ATTORNEY | T40: INDIGENT DEFENSE | U40: INDIGENT DEFENSE | V40: 429-51132-14 | W40: ID429O
A41: 414289 | C41: 42052 | F41: 975 | R41: 380-54469-07 | S41: COURT APPOINTED ATTORNEY | T41: INDIGENT DEFENSE | U41: INDIGENT DEFENSE | V41: 380-54469-07 | W41: ID380A
L43: =SUM(hList_Frame_1!B26:B28) -> 2550
A45: 413951 | C45: 42045 | D45: POLLOCK PAPER DISTRIBUTORS | F45: 509.71 | R45: JANITORIAL SUPPLIES-GEN. | S45: JANITORIAL SUPPLIES | T45: SHERIFF'S OFFICE | U45: JAIL OPS-ADMIN | V45: JANITORIAL SUPPLIES-GEN.
F46: 7990.29 | R46: PAPER/PLASTIC, DISPOSABLE | S46: JANITORIAL SUPPLIES | T46: SHERIFF'S OFFICE | U46: JAIL OPS-ADMIN | V46: PAPER/PLASTIC, DISPOSABLE
A47: 414290 | C47: 42052 | F47: 1949.16 | R47: PAPER/PLASTIC, DISPOSABLE | S47: CENTRAL SUPPLY | V47: PAPER/PLASTIC, DISPOSABLE
S48: JANITORIAL SUPPLIES
J50: =SUM(hList_Frame_1!B29:B32) -> 10449.16
A52: 413952 | C52: 42045 | D52: THOMASON TIRE INC | F52: 838.8 | R52: BLANKET PURCHASE ORDER | S52: AUTO MAINTENANCE | T52: EQUIPMENT SERVICES | U52: EQUIP SERV-SHARED | V52: BLANKET PURCHASE ORDER
F58: 900 | R58: TIRES AND TUBES | S58: PARTS | V58: TIRES AND TUBES
L60: =SUM(hList_Frame_1!B33:B39) -> 1738.8
A62: 413607 | C62: 42038 | D62: TX STATE DIRECTORY | F62: 129.35 | R62: MISC PROFESSIONAL SERVICE | S62: OFFICE SUPPLIES | T62: ADMINISTRATIVE SERVICES | U62: ADMINISTRATIVE SERV-ADMIN | V62: MISC PROFESSIONAL SERVICE
N64: =SUM(hList_Frame_1!B40:B40) -> 129.35
A66: 413953 | C66: 42045 | D66: WEST PUBLISHING CORPORATION | F66: 41 | R66: PUBLICATIONS/AUDIOVISUALS | S66: DUES & SUBSCRIPTIONS | T66: UNALLOCATED | U66: NON-DEPARTMENTAL | V66: PUBLICATIONS/AUDIOVISUALS
A67: 414291 | C67: 42052 | F67: 96 | R67: PUBLICATIONS/AUDIOVISUALS | S67: DUES & SUBSCRIPTIONS | T67: UNALLOCATED | U67: NON-DEPARTMENTAL | V67: PUBLICATIONS/AUDIOVISUALS
N70: =SUM(hList_Frame_1!B41:B43) -> 137
A72: 413608 | C72: 42038 | D72: GEBO CREDIT CORPORATION | F72: 279.97 | R72: ROADSIDE/GROUND/PARK SERV | S72: MAJOR ROAD CONSTRUCTION | T72: PUBLIC WORKS | U72: R&B - ADMIN | V72: ROADSIDE/GROUND/PARK SERV
A73: 413954 | C73: 42045 | F73: 12.54 | R73: PLUMBING EQUIP./SUPPLIES | S73: PARTS | V73: PLUMBING EQUIP./SUPPLIES
A74: 414292 | C74: 42052 | F74: 4.69 | R74: BLANKET PURCHASE ORDER | S74: HEAVY EQUIPMENT REPAIR | T74: EQUIPMENT SERVICES | U74: EQUIP SERV-SHARED | V74: BLANKET PURCHASE ORDER
F75: 518 | R75: LAB & FIELD EQUIPMENT | S75: ONE-TIME BUDGET NON-CAP | T75: ANIMAL SHELTER | U75: ANIMAL SHELTER-ADMIN | V75: LAB & FIELD EQUIPMENT
F76: 259.97 | R76: ROADSIDE/GROUND/PARK SERV | S76: MAJOR ROAD CONSTRUCTION | T76: PUBLIC WORKS | U76: R&B - ADMIN | V76: ROADSIDE/GROUND/PARK SERV
L79: =SUM(hList_Frame_1!B44:B49) -> 1075.17
A81: 413609 | C81: 42038 | D81: BEN E KEITH CO | F81: 49.8 | R81: CAFETERIA/KITCHEN EQUIP. | S81: JAIL FOOD | V81: CAFETERIA/KITCHEN EQUIP.
F82: 2032.52 | R82: EDIBLE FOODS, STAPLE | S82: JAIL FOOD | V82: EDIBLE FOODS, STAPLE
S83: MINIMUM SECURITY FOOD
F84: 453.76 | R84: FOODS, PERISHABLE | S84: JAIL FOOD | V84: FOODS, PERISHABLE
S85: MINIMUM SECURITY FOOD
F86: 345.34 | R86: FOODS, READY-TO-EAT | S86: JAIL FOOD | V86: FOODS, READY-TO-EAT
S87: MINIMUM SECURITY FOOD
F88: 58.76 | R88: HARDWARE: SHELF & ALLIED | S88: JAIL FOOD | V88: HARDWARE: SHELF & ALLIED
A89: 413955 | C89: 42045 | F89: 1356.03 | R89: EDIBLE FOODS, STAPLE | S89: JAIL FOOD | V89: EDIBLE FOODS, STAPLE
F90: 290.45 | R90: FOODS, PERISHABLE | S90: JAIL FOOD | V90: FOODS, PERISHABLE
F91: 198.24 | R91: FOODS, READY-TO-EAT | S91: JAIL FOOD | V91: FOODS, READY-TO-EAT
F92: 51.12 | R92: PAPER/PLASTIC, DISPOSABLE | S92: JAIL FOOD | V92: PAPER/PLASTIC, DISPOSABLE
A93: 414293 | C93: 42052 | F93: 3506.42 | R93: EDIBLE FOODS, STAPLE | S93: FOOD SUPPLIES | T93: JUVENILE PROBATION | U93: JUV DET -ADMIN | V93: EDIBLE FOODS, STAPLE
S94: JAIL FOOD
S95: MINIMUM SECURITY FOOD
F97: 773.34 | R97: FOODS, PERISHABLE | S97: JAIL FOOD | V97: FOODS, PERISHABLE
S98: MINIMUM SECURITY FOOD
F100: 419.68 | R100: FOODS, READY-TO-EAT | S100: JAIL FOOD | V100: FOODS, READY-TO-EAT
S101: MINIMUM SECURITY FOOD
F103: 25.56 | R103: PAPER/PLASTIC, DISPOSABLE | S103: MINIMUM SECURITY FOOD | V103: PAPER/PLASTIC, DISPOSABLE
L105: =SUM(hList_Frame_1!B50:B72) -> 9561.02
A107: 413956 | C107: 42045 | D107: ROMCO EQUIPMENT CO | F107: 596.84 | R107: AUTO/TRUCK MAINT. ITEMS | S107: AUTO MAINTENANCE | T107: EQUIPMENT SERVICES | U107: EQUIP SERV-SHARED | V107: AUTO/TRUCK MAINT. ITEMS
F108: 7602.36 | R108: EQUIP MAINT-AGRI/AUTO/IND | S108: HEAVY EQUIPMENT REPAIR | T108: EQUIPMENT SERVICES | U108: EQUIP SERV-SHARED | V108: EQUIP MAINT-AGRI/AUTO/IND
L110: =SUM(hList_Frame_1!B73:B74) -> 8199.2
A112: 413957 | C112: 42045 | D112: ALFORD INSURANCE AGENCY | F112: 213 | R112: FINANCIAL/ACCOUNTANCY SER | S112: NOTARY BONDS | T112: UNALLOCATED | U112: NON-DEPARTMENTAL | V112: FINANCIAL/ACCOUNTANCY SER
N116: =SUM(hList_Frame_1!B75:B77) -> 213
A118: 413958 | C118: 42045 | D118: WHITE, JAMES | F118: 425 | R118: MISCELLANEOUS SERVICES | S118: CONTRACT LABOR | T118: CULTURE & RECREATION | U118: OPEN SPACE-ADMIN | V118: MISCELLANEOUS SERVICES
N120: =SUM(hList_Frame_1!B78:B78) -> 425
A122: 413610 | C122: 42038 | D122: BEHAVIORAL MEASURES & FORENSIC | F122: 500 | R122: MISC PROFESSIONAL SERVICE | S122: RANDOM DRUG TESTING | T122: HUMAN RESOURCES | U122: HR - SHARED | V122: MISC PROFESSIONAL SERVICE
N124: =SUM(hList_Frame_1!B79:B79) -> 500
A126: 413959 | C126: 42045 | D126: KEMP, STACEY | F126: 282.2 | R126: s kemp-san marcos, tx | S126: EDUCATION & CONFERENCE | T126: COUNTY CLERK | U126: COUNTY CLERK-ADMIN | V126: s kemp-san marcos, tx
S127: TRAVEL ADVANCES
N129: =SUM(hList_Frame_1!B80:B81) -> 282.2
A131: 413611 | C131: 42038 | D131: BARNETT, SUSAN | F131: 540 | R131: GA1-0193-2014 | S131: COURT APPOINTED ATTORNEY | T131: INDIGENT DEFENSE | U131: INDIGENT DEFENSE | V131: GA1-0193-2014 | W131: IDPRBO
A132: 414294 | C132: 42052 | F132: 420 | R132: GA1-0192-2014 | S132: COURT APPOINTED ATTORNEY | T132: INDIGENT DEFENSE | U132: INDIGENT DEFENSE | V132: GA1-0192-2014 | W132: IDPRBO
N134: =SUM(hList_Frame_1!B82:B83) -> 960
A136: 413615 | C136: 42038 | D136: OFFICE DEPOT | F136: 5072.57 | R136: BLANKET PURCHASE ORDER | S136: COMPUTER SUPPLIES | T136: BUDGET | U136: SUPPORT SERVICES - SHARED | V136: BLANKET PURCHASE ORDER
S138: ELECTION SUPPLIES | T138: ELECTIONS | U138: CONT ELECTIONS-CONTRACT
U139: ELECTIONS-ADMIN
S140: OFFICE SUPPLIES | T140: ADMINISTRATIVE SERVICES | U140: ADMINISTRATIVE SERV-ADMIN
T143: CONSERVATION | U143: EXTENSION OFFICE - ADMIN
T145: COUNTY AUDITOR | U145: AUDITOR - ADMIN
T146: COUNTY CLERK | U146: COUNTY CLERK-ADMIN
T148: DISTRICT ATTORNEY | U148: DA-ADMIN
T152: DISTRICT CLERK | U152: DIST CLERK-ADMIN
U153: PASSPORT
T156: EQUIPMENT SERVICES | U156: EQUIP SERV-ADMIN
T157: FACILITIES & PARKS | U157: BUILD SUP - ADMIN
T160: HUMAN RESOURCES | U160: HR - ADMIN
T162: INFORMATION TECHNOLOGY | U162: IT-ADMIN
U165: RECORDS - ADMIN
T166: JUSTICES OF THE PEACE | U166: JP3-1-ADMIN
...

Sheet hList_Frame_1
A1: =IF(ISBLANK('February 2015'!A2),"",IF(ISTEXT('February 2015'!A2),0,'February 2015'!A2)) -> 413605 | B1: =IF(ISBLANK('February 2015'!F2),"",IF(ISTEXT('February 2015'!F2),0,'February 2015'!F2)) -> 112.01
A2: =IF(ISBLANK('February 2015'!A3),"",IF(ISTEXT('February 2015'!A3),0,'February 2015'!A3)) | B2: =IF(ISBLANK('February 2015'!F3),"",IF(ISTEXT('February 2015'!F3),0,'February 2015'!F3))
A3: =IF(ISBLANK('February 2015'!A4),"",IF(ISTEXT('February 2015'!A4),0,'February 2015'!A4)) | B3: =IF(ISBLANK('February 2015'!F4),"",IF(ISTEXT('February 2015'!F4),0,'February 2015'!F4))
A4: =IF(ISBLANK('February 2015'!A5),"",IF(ISTEXT('February 2015'!A5),0,'February 2015'!A5)) | B4: =IF(ISBLANK('February 2015'!F5),"",IF(ISTEXT('February 2015'!F5),0,'February 2015'!F5)) -> -81.81
A5: =IF(ISBLANK('February 2015'!A6),"",IF(ISTEXT('February 2015'!A6),0,'February 2015'!A6)) | B5: =IF(ISBLANK('February 2015'!F6),"",IF(ISTEXT('February 2015'!F6),0,'February 2015'!F6)) -> -404.43
A6: =IF(ISBLANK('February 2015'!A7),"",IF(ISTEXT('February 2015'!A7),0,'February 2015'!A7)) | B6: =IF(ISBLANK('February 2015'!F7),"",IF(ISTEXT('February 2015'!F7),0,'February 2015'!F7)) -> 404.43
A7: =IF(ISBLANK('February 2015'!A8),"",IF(ISTEXT('February 2015'!A8),0,'February 2015'!A8)) | B7: =IF(ISBLANK('February 2015'!F8),"",IF(ISTEXT('February 2015'!F8),0,'February 2015'!F8)) -> -214.71
A8: =IF(ISBLANK('February 2015'!A9),"",IF(ISTEXT('February 2015'!A9),0,'February 2015'!A9)) | B8: =IF(ISBLANK('February 2015'!F9),"",IF(ISTEXT('February 2015'!F9),0,'February 2015'!F9)) -> 214.71
A9: =IF(ISBLANK('February 2015'!A10),"",IF(ISTEXT('February 2015'!A10),0,'February 2015'!A10)) | B9: =IF(ISBLANK('February 2015'!F10),"",IF(ISTEXT('February 2015'!F10),0,'February 2015'!F10)) -> -263.32
A10: =IF(ISBLANK('February 2015'!A11),"",IF(ISTEXT('February 2015'!A11),0,'February 2015'!A11)) | B10: =IF(ISBLANK('February 2015'!F11),"",IF(ISTEXT('February 2015'!F11),0,'February 2015'!F11)) -> 263.32
A11: =IF(ISBLANK('February 2015'!A12),"",IF(ISTEXT('February 2015'!A12),0,'February 2015'!A12)) -> 413948 | B11: =IF(ISBLANK('February 2015'!F12),"",IF(ISTEXT('February 2015'!F12),0,'February 2015'!F12)) -> 65.51
A12: =IF(ISBLANK('February 2015'!A13),"",IF(ISTEXT('February 2015'!A13),0,'February 2015'!A13)) -> 414286 | B12: =IF(ISBLANK('February 2015'!F13),"",IF(ISTEXT('February 2015'!F13),0,'February 2015'!F13)) -> 665.97
... A16: =IF(ISBLANK('February 2015'!A17),"",IF(ISTEXT('February 2015'!A17),0,'February 2015'!A17)) | B16: =IF(ISBLANK('February 2015'!F17),"",IF(ISTEXT('February 2015'!F17),0,'February 2015'!F17))
A17: =IF(ISBLANK('February 2015'!A21),"",IF(ISTEXT('February 2015'!A21),0,'February 2015'!A21)) -> 413949 | B17: =IF(ISBLANK('February 2015'!F21),"",IF(ISTEXT('February 2015'!F21),0,'February 2015'!F21)) -> 228.54
A18: =IF(ISBLANK('February 2015'!A22),"",IF(ISTEXT('February 2015'!A22),0,'February 2015'!A22)) | B18: =IF(ISBLANK('February 2015'!F22),"",IF(ISTEXT('February 2015'!F22),0,'February 2015'!F22)) -> -110.3
A19: =IF(ISBLANK('February 2015'!A23),"",IF(ISTEXT('February 2015'!A23),0,'February 2015'!A23)) | B19: =IF(ISBLANK('February 2015'!F23),"",IF(ISTEXT('February 2015'!F23),0,'February 2015'!F23)) -> 110.3
A20: =IF(ISBLANK('February 2015'!A24),"",IF(ISTEXT('February 2015'!A24),0,'February 2015'!A24)) -> 414287 | B20: =IF(ISBLANK('February 2015'!F24),"",IF(ISTEXT('February 2015'!F24),0,'February 2015'!F24)) -> 81.6
A21: =IF(ISBLANK('February 2015'!A25),"",IF(ISTEXT('February 2015'!A25),0,'February 2015'!A25)) | B21: =IF(ISBLANK('February 2015'!F25),"",IF(ISTEXT('February 2015'!F25),0,'February 2015'!F25)) -> 112.06
A22: =IF(ISBLANK('February 2015'!A29),"",IF(ISTEXT('February 2015'!A29),0,'February 2015'!A29)) -> 413606 | B22: =IF(ISBLANK('February 2015'!F29),"",IF(ISTEXT('February 2015'!F29),0,'February 2015'!F29)) -> 1039.8
A23: =IF(ISBLANK('February 2015'!A30),"",IF(ISTEXT('February 2015'!A30),0,'February 2015'!A30)) | B23: =IF(ISBLANK('February 2015'!F30),"",IF(ISTEXT('February 2015'!F30),0,'February 2015'!F30)) -> 2448.9
A24: =IF(ISBLANK('February 2015'!A31),"",IF(ISTEXT('February 2015'!A31),0,'February 2015'!A31)) | B24: =IF(ISBLANK('February 2015'!F31),"",IF(ISTEXT('February 2015'!F31),0,'February 2015'!F31))
A25: =IF(ISBLANK('February 2015'!A35),"",IF(ISTEXT('February 2015'!A35),0,'February 2015'!A35)) -> 414288 | B25: =IF(ISBLANK('February 2015'!F35),"",IF(ISTEXT('February 2015'!F35),0,'February 2015'!F35)) -> 55.44
A26: =IF(ISBLANK('February 2015'!A39),"",IF(ISTEXT('February 2015'!A39),0,'February 2015'!A39)) -> 413950 | B26: =IF(ISBLANK('February 2015'!F39),"",IF(ISTEXT('February 2015'!F39),0,'February 2015'!F39)) -> 950
A27: =IF(ISBLANK('February 2015'!A40),"",IF(ISTEXT('February 2015'!A40),0,'February 2015'!A40)) | B27: =IF(ISBLANK('February 2015'!F40),"",IF(ISTEXT('February 2015'!F40),0,'February 2015'!F40)) -> 625
A28: =IF(ISBLANK('February 2015'!A41),"",IF(ISTEXT('February 2015'!A41),0,'February 2015'!A41)) -> 414289 | B28: =IF(ISBLANK('February 2015'!F41),"",IF(ISTEXT('February 2015'!F41),0,'February 2015'!F41)) -> 975
A29: =IF(ISBLANK('February 2015'!A45),"",IF(ISTEXT('February 2015'!A45),0,'February 2015'!A45)) -> 413951 | B29: =IF(ISBLANK('February 2015'!F45),"",IF(ISTEXT('February 2015'!F45),0,'February 2015'!F45)) -> 509.71
A30: =IF(ISBLANK('February 2015'!A46),"",IF(ISTEXT('February 2015'!A46),0,'February 2015'!A46)) | B30: =IF(ISBLANK('February 2015'!F46),"",IF(ISTEXT('February 2015'!F46),0,'February 2015'!F46)) -> 7990.29
A31: =IF(ISBLANK('February 2015'!A47),"",IF(ISTEXT('February 2015'!A47),0,'February 2015'!A47)) -> 414290 | B31: =IF(ISBLANK('February 2015'!F47),"",IF(ISTEXT('February 2015'!F47),0,'February 2015'!F47)) -> 1949.16
A32: =IF(ISBLANK('February 2015'!A48),"",IF(ISTEXT('February 2015'!A48),0,'February 2015'!A48)) | B32: =IF(ISBLANK('February 2015'!F48),"",IF(ISTEXT('February 2015'!F48),0,'February 2015'!F48))
A33: =IF(ISBLANK('February 2015'!A52),"",IF(ISTEXT('February 2015'!A52),0,'February 2015'!A52)) -> 413952 | B33: =IF(ISBLANK('February 2015'!F52),"",IF(ISTEXT('February 2015'!F52),0,'February 2015'!F52)) -> 838.8
A34: =IF(ISBLANK('February 2015'!A53),"",IF(ISTEXT('February 2015'!A53),0,'February 2015'!A53)) | B34: =IF(ISBLANK('February 2015'!F53),"",IF(ISTEXT('February 2015'!F53),0,'February 2015'!F53))
A35: =IF(ISBLANK('February 2015'!A54),"",IF(ISTEXT('February 2015'!A54),0,'February 2015'!A54)) | B35: =IF(ISBLANK('February 2015'!F54),"",IF(ISTEXT('February 2015'!F54),0,'February 2015'!F54))
A36: =IF(ISBLANK('February 2015'!A55),"",IF(ISTEXT('February 2015'!A55),0,'February 2015'!A55)) | B36: =IF(ISBLANK('February 2015'!F55),"",IF(ISTEXT('February 2015'!F55),0,'February 2015'!F55))
A37: =IF(ISBLANK('February 2015'!A56),"",IF(ISTEXT('February 2015'!A56),0,'February 2015'!A56)) | B37: =IF(ISBLANK('February 2015'!F56),"",IF(ISTEXT('February 2015'!F56),0,'February 2015'!F56))
A38: =IF(ISBLANK('February 2015'!A57),"",IF(ISTEXT('February 2015'!A57),0,'February 2015'!A57)) | B38: =IF(ISBLANK('February 2015'!F57),"",IF(ISTEXT('February 2015'!F57),0,'February 2015'!F57))
A39: =IF(ISBLANK('February 2015'!A58),"",IF(ISTEXT('February 2015'!A58),0,'February 2015'!A58)) | B39: =IF(ISBLANK('February 2015'!F58),"",IF(ISTEXT('February 2015'!F58),0,'February 2015'!F58)) -> 900
A40: =IF(ISBLANK('February 2015'!A62),"",IF(ISTEXT('February 2015'!A62),0,'February 2015'!A62)) -> 413607 | B40: =IF(ISBLANK('February 2015'!F62),"",IF(ISTEXT('February 2015'!F62),0,'February 2015'!F62)) -> 129.35
A41: =IF(ISBLANK('February 2015'!A66),"",IF(ISTEXT('February 2015'!A66),0,'February 2015'!A66)) -> 413953 | B41: =IF(ISBLANK('February 2015'!F66),"",IF(ISTEXT('February 2015'!F66),0,'February 2015'!F66)) -> 41
A42: =IF(ISBLANK('February 2015'!A67),"",IF(ISTEXT('February 2015'!A67),0,'February 2015'!A67)) -> 414291 | B42: =IF(ISBLANK('February 2015'!F67),"",IF(ISTEXT('February 2015'!F67),0,'February 2015'!F67)) -> 96
A43: =IF(ISBLANK('February 2015'!A68),"",IF(ISTEXT('February 2015'!A68),0,'February 2015'!A68)) | B43: =IF(ISBLANK('February 2015'!F68),"",IF(ISTEXT('February 2015'!F68),0,'February 2015'!F68))
A44: =IF(ISBLANK('February 2015'!A72),"",IF(ISTEXT('February 2015'!A72),0,'February 2015'!A72)) -> 413608 | B44: =IF(ISBLANK('February 2015'!F72),"",IF(ISTEXT('February 2015'!F72),0,'February 2015'!F72)) -> 279.97
A45: =IF(ISBLANK('February 2015'!A73),"",IF(ISTEXT('February 2015'!A73),0,'February 2015'!A73)) -> 413954 | B45: =IF(ISBLANK('February 2015'!F73),"",IF(ISTEXT('February 2015'!F73),0,'February 2015'!F73)) -> 12.54
A46: =IF(ISBLANK('February 2015'!A74),"",IF(ISTEXT('February 2015'!A74),0,'February 2015'!A74)) -> 414292 | B46: =IF(ISBLANK('February 2015'!F74),"",IF(ISTEXT('February 2015'!F74),0,'February 2015'!F74)) -> 4.69
A47: =IF(ISBLANK('February 2015'!A75),"",IF(ISTEXT('February 2015'!A75),0,'February 2015'!A75)) | B47: =IF(ISBLANK('February 2015'!F75),"",IF(ISTEXT('February 2015'!F75),0,'February 2015'!F75)) -> 518
A48: =IF(ISBLANK('February 2015'!A76),"",IF(ISTEXT('February 2015'!A76),0,'February 2015'!A76)) | B48: =IF(ISBLANK('February 2015'!F76),"",IF(ISTEXT('February 2015'!F76),0,'February 2015'!F76)) -> 259.97
A49: =IF(ISBLANK('February 2015'!A77),"",IF(ISTEXT('February 2015'!A77),0,'February 2015'!A77)) | B49: =IF(ISBLANK('February 2015'!F77),"",IF(ISTEXT('February 2015'!F77),0,'February 2015'!F77))
A50: =IF(ISBLANK('February 2015'!A81),"",IF(ISTEXT('February 2015'!A81),0,'February 2015'!A81)) -> 413609 | B50: =IF(ISBLANK('February 2015'!F81),"",IF(ISTEXT('February 2015'!F81),0,'February 2015'!F81)) -> 49.8
A51: =IF(ISBLANK('February 2015'!A82),"",IF(ISTEXT('February 2015'!A82),0,'February 2015'!A82)) | B51: =IF(ISBLANK('February 2015'!F82),"",IF(ISTEXT('February 2015'!F82),0,'February 2015'!F82)) -> 2032.52
A52: =IF(ISBLANK('February 2015'!A83),"",IF(ISTEXT('February 2015'!A83),0,'February 2015'!A83)) | B52: =IF(ISBLANK('February 2015'!F83),"",IF(ISTEXT('February 2015'!F83),0,'February 2015'!F83))
A53: =IF(ISBLANK('February 2015'!A84),"",IF(ISTEXT('February 2015'!A84),0,'February 2015'!A84)) | B53: =IF(ISBLANK('February 2015'!F84),"",IF(ISTEXT('February 2015'!F84),0,'February 2015'!F84)) -> 453.76
A54: =IF(ISBLANK('February 2015'!A85),"",IF(ISTEXT('February 2015'!A85),0,'February 2015'!A85)) | B54: =IF(ISBLANK('February 2015'!F85),"",IF(ISTEXT('February 2015'!F85),0,'February 2015'!F85))
A55: =IF(ISBLANK('February 2015'!A86),"",IF(ISTEXT('February 2015'!A86),0,'February 2015'!A86)) | B55: =IF(ISBLANK('February 2015'!F86),"",IF(ISTEXT('February 2015'!F86),0,'February 2015'!F86)) -> 345.34
A56: =IF(ISBLANK('February 2015'!A87),"",IF(ISTEXT('February 2015'!A87),0,'February 2015'!A87)) | B56: =IF(ISBLANK('February 2015'!F87),"",IF(ISTEXT('February 2015'!F87),0,'February 2015'!F87))
A57: =IF(ISBLANK('February 2015'!A88),"",IF(ISTEXT('February 2015'!A88),0,'February 2015'!A88)) | B57: =IF(ISBLANK('February 2015'!F88),"",IF(ISTEXT('February 2015'!F88),0,'February 2015'!F88)) -> 58.76
A58: =IF(ISBLANK('February 2015'!A89),"",IF(ISTEXT('February 2015'!A89),0,'February 2015'!A89)) -> 413955 | B58: =IF(ISBLANK('February 2015'!F89),"",IF(ISTEXT('February 2015'!F89),0,'February 2015'!F89)) -> 1356.03
A59: =IF(ISBLANK('February 2015'!A90),"",IF(ISTEXT('February 2015'!A90),0,'February 2015'!A90)) | B59: =IF(ISBLANK('February 2015'!F90),"",IF(ISTEXT('February 2015'!F90),0,'February 2015'!F90)) -> 290.45
A60: =IF(ISBLANK('February 2015'!A91),"",IF(ISTEXT('February 2015'!A91),0,'February 2015'!A91)) | B60: =IF(ISBLANK('February 2015'!F91),"",IF(ISTEXT('February 2015'!F91),0,'February 2015'!F91)) -> 198.24
A61: =IF(ISBLANK('February 2015'!A92),"",IF(ISTEXT('February 2015'!A92),0,'February 2015'!A92)) | B61: =IF(ISBLANK('February 2015'!F92),"",IF(ISTEXT('February 2015'!F92),0,'February 2015'!F92)) -> 51.12
... A72: =IF(ISBLANK('February 2015'!A103),"",IF(ISTEXT('February 2015'!A103),0,'February 2015'!A103)) | B72: =IF(ISBLANK('February 2015'!F103),"",IF(ISTEXT('February 2015'!F103),0,'February 2015'!F103)) -> 25.56
A73: =IF(ISBLANK('February 2015'!A107),"",IF(ISTEXT('February 2015'!A107),0,'February 2015'!A107)) -> 413956 | B73: =IF(ISBLANK('February 2015'!F107),"",IF(ISTEXT('February 2015'!F107),0,'February 2015'!F107)) -> 596.84
A74: =IF(ISBLANK('February 2015'!A108),"",IF(ISTEXT('February 2015'!A108),0,'February 2015'!A108)) | B74: =IF(ISBLANK('February 2015'!F108),"",IF(ISTEXT('February 2015'!F108),0,'February 2015'!F108)) -> 7602.36
A75: =IF(ISBLANK('February 2015'!A112),"",IF(ISTEXT('February 2015'!A112),0,'February 2015'!A112)) -> 413957 | B75: =IF(ISBLANK('February 2015'!F112),"",IF(ISTEXT('February 2015'!F112),0,'February 2015'!F112)) -> 213
A76: =IF(ISBLANK('February 2015'!A113),"",IF(ISTEXT('February 2015'!A113),0,'February 2015'!A113)) | B76: =IF(ISBLANK('February 2015'!F113),"",IF(ISTEXT('February 2015'!F113),0,'February 2015'!F113))
A77: =IF(ISBLANK('February 2015'!A114),"",IF(ISTEXT('February 2015'!A114),0,'February 2015'!A114)) | B77: =IF(ISBLANK('February 2015'!F114),"",IF(ISTEXT('February 2015'!F114),0,'February 2015'!F114))
A78: =IF(ISBLANK('February 2015'!A118),"",IF(ISTEXT('February 2015'!A118),0,'February 2015'!A118)) -> 413958 | B78: =IF(ISBLANK('February 2015'!F118),"",IF(ISTEXT('February 2015'!F118),0,'February 2015'!F118)) -> 425
A79: =IF(ISBLANK('February 2015'!A122),"",IF(ISTEXT('February 2015'!A122),0,'February 2015'!A122)) -> 413610 | B79: =IF(ISBLANK('February 2015'!F122),"",IF(ISTEXT('February 2015'!F122),0,'February 2015'!F122)) -> 500
A80: =IF(ISBLANK('February 2015'!A126),"",IF(ISTEXT('February 2015'!A126),0,'February 2015'!A126)) -> 413959 | B80: =IF(ISBLANK('February 2015'!F126),"",IF(ISTEXT('February 2015'!F126),0,'February 2015'!F126)) -> 282.2
A81: =IF(ISBLANK('February 2015'!A127),"",IF(ISTEXT('February 2015'!A127),0,'February 2015'!A127)) | B81: =IF(ISBLANK('February 2015'!F127),"",IF(ISTEXT('February 2015'!F127),0,'February 2015'!F127))
A82: =IF(ISBLANK('February 2015'!A131),"",IF(ISTEXT('February 2015'!A131),0,'February 2015'!A131)) -> 413611 | B82: =IF(ISBLANK('February 2015'!F131),"",IF(ISTEXT('February 2015'!F131),0,'February 2015'!F131)) -> 540
A83: =IF(ISBLANK('February 2015'!A132),"",IF(ISTEXT('February 2015'!A132),0,'February 2015'!A132)) -> 414294 | B83: =IF(ISBLANK('February 2015'!F132),"",IF(ISTEXT('February 2015'!F132),0,'February 2015'!F132)) -> 420
A84: =IF(ISBLANK('February 2015'!A136),"",IF(ISTEXT('February 2015'!A136),0,'February 2015'!A136)) -> 413615 | B84: =IF(ISBLANK('February 2015'!F136),"",IF(ISTEXT('February 2015'!F136),0,'February 2015'!F136)) -> 5072.57
A85: =IF(ISBLANK('February 2015'!A137),"",IF(ISTEXT('February 2015'!A137),0,'February 2015'!A137)) | B85: =IF(ISBLANK('February 2015'!F137),"",IF(ISTEXT('February 2015'!F137),0,'February 2015'!F137))
A86: =IF(ISBLANK('February 2015'!A138),"",IF(ISTEXT('February 2015'!A138),0,'February 2015'!A138)) | B86: =IF(ISBLANK('February 2015'!F138),"",IF(ISTEXT('February 2015'!F138),0,'February 2015'!F138))
A87: =IF(ISBLANK('February 2015'!A139),"",IF(ISTEXT('February 2015'!A139),0,'February 2015'!A139)) | B87: =IF(ISBLANK('February 2015'!F139),"",IF(ISTEXT('February 2015'!F139),0,'February 2015'!F139))
A88: =IF(ISBLANK('February 2015'!A140),"",IF(ISTEXT('February 2015'!A140),0,'February 2015'!A140)) | B88: =IF(ISBLANK('February 2015'!F140),"",IF(ISTEXT('February 2015'!F140),0,'February 2015'!F140))
A89: =IF(ISBLANK('February 2015'!A141),"",IF(ISTEXT('February 2015'!A141),0,'February 2015'!A141)) | B89: =IF(ISBLANK('February 2015'!F141),"",IF(ISTEXT('February 2015'!F141),0,'February 2015'!F141))
A90: =IF(ISBLANK('February 2015'!A142),"",IF(ISTEXT('February 2015'!A142),0,'February 2015'!A142)) | B90: =IF(ISBLANK('February 2015'!F142),"",IF(ISTEXT('February 2015'!F142),0,'February 2015'!F142))
A91: =IF(ISBLANK('February 2015'!A143),"",IF(ISTEXT('February 2015'!A143),0,'February 2015'!A143)) | B91: =IF(ISBLANK('February 2015'!F143),"",IF(ISTEXT('February 2015'!F143),0,'February 2015'!F143))
A92: =IF(ISBLANK('February 2015'!A144),"",IF(ISTEXT('February 2015'!A144),0,'February 2015'!A144)) | B92: =IF(ISBLANK('February 2015'!F144),"",IF(ISTEXT('February 2015'!F144),0,'February 2015'!F144))
A93: =IF(ISBLANK('February 2015'!A145),"",IF(ISTEXT('February 2015'!A145),0,'February 2015'!A145)) | B93: =IF(ISBLANK('February 2015'!F145),"",IF(ISTEXT('February 2015'!F145),0,'February 2015'!F145))
A94: =IF(ISBLANK('February 2015'!A146),"",IF(ISTEXT('February 2015'!A146),0,'February 2015'!A146)) | B94: =IF(ISBLANK('February 2015'!F146),"",IF(ISTEXT('February 2015'!F146),0,'February 2015'!F146))
A95: =IF(ISBLANK('February 2015'!A147),"",IF(ISTEXT('February 2015'!A147),0,'February 2015'!A147)) | B95: =IF(ISBLANK('February 2015'!F147),"",IF(ISTEXT('February 2015'!F147),0,'February 2015'!F147))
... A240: =IF(ISBLANK('February 2015'!A292),"",IF(ISTEXT('February 2015'!A292),0,'February 2015'!A292)) | B240: =IF(ISBLANK('February 2015'!F292),"",IF(ISTEXT('February 2015'!F292),0,'February 2015'!F292))
A241: =IF(ISBLANK('February 2015'!A296),"",IF(ISTEXT('February 2015'!A296),0,'February 2015'!A296)) -> 413965 | B241: =IF(ISBLANK('February 2015'!F296),"",IF(ISTEXT('February 2015'!F296),0,'February 2015'!F296)) -> 1877.94
A242: =IF(ISBLANK('February 2015'!A300),"",IF(ISTEXT('February 2015'!A300),0,'February 2015'!A300)) -> 414299 | B242: =IF(ISBLANK('February 2015'!F300),"",IF(ISTEXT('February 2015'!F300),0,'February 2015'!F300)) -> 32.88
A243: =IF(ISBLANK('February 2015'!A304),"",IF(ISTEXT('February 2015'!A304),0,'February 2015'!A304)) -> 413617 | B243: =IF(ISBLANK('February 2015'!F304),"",IF(ISTEXT('February 2015'!F304),0,'February 2015'!F304)) -> 704798
A244: =IF(ISBLANK('February 2015'!A305),"",IF(ISTEXT('February 2015'!A305),0,'February 2015'!A305)) | B244: =IF(ISBLANK('February 2015'!F305),"",IF(ISTEXT('February 2015'!F305),0,'February 2015'!F305))
A245: =IF(ISBLANK('February 2015'!A306),"",IF(ISTEXT('February 2015'!A306),0,'February 2015'!A306)) | B245: =IF(ISBLANK('February 2015'!F306),"",IF(ISTEXT('February 2015'!F306),0,'February 2015'!F306))
A246: =IF(ISBLANK('February 2015'!A307),"",IF(ISTEXT('February 2015'!A307),0,'February 2015'!A307)) | B246: =IF(ISBLANK('February 2015'!F307),"",IF(ISTEXT('February 2015'!F307),0,'February 2015'!F307))
A247: =IF(ISBLANK('February 2015'!A311),"",IF(ISTEXT('February 2015'!A311),0,'February 2015'!A311)) -> 414300 | B247: =IF(ISBLANK('February 2015'!F311),"",IF(ISTEXT('February 2015'!F311),0,'February 2015'!F311)) -> 450
A248: =IF(ISBLANK('February 2015'!A315),"",IF(ISTEXT('February 2015'!A315),0,'February 2015'!A315)) -> 413618 | B248: =IF(ISBLANK('February 2015'!F315),"",IF(ISTEXT('February 2015'!F315),0,'February 2015'!F315)) -> 525
A249: =IF(ISBLANK('February 2015'!A316),"",IF(ISTEXT('February 2015'!A316),0,'February 2015'!A316)) | B249: =IF(ISBLANK('February 2015'!F316),"",IF(ISTEXT('February 2015'!F316),0,'February 2015'!F316)) -> 1950
A250: =IF(ISBLANK('February 2015'!A317),"",IF(ISTEXT('February 2015'!A317),0,'February 2015'!A317)) | B250: =IF(ISBLANK('February 2015'!F317),"",IF(ISTEXT('February 2015'!F317),0,'February 2015'!F317)) -> 26.46
A251: =IF(ISBLANK('February 2015'!A318),"",IF(ISTEXT('February 2015'!A318),0,'February 2015'!A318)) | B251: =IF(ISBLANK('February 2015'!F318),"",IF(ISTEXT('February 2015'!F318),0,'February 2015'!F318))
A252: =IF(ISBLANK('February 2015'!A319),"",IF(ISTEXT('February 2015'!A319),0,'February 2015'!A319)) | B252: =IF(ISBLANK('February 2015'!F319),"",IF(ISTEXT('February 2015'!F319),0,'February 2015'!F319)) -> 150
A253: =IF(ISBLANK('February 2015'!A320),"",IF(ISTEXT('February 2015'!A320),0,'February 2015'!A320)) | B253: =IF(ISBLANK('February 2015'!F320),"",IF(ISTEXT('February 2015'!F320),0,'February 2015'!F320)) -> 50
A254: =IF(ISBLANK('February 2015'!A321),"",IF(ISTEXT('February 2015'!A321),0,'February 2015'!A321)) | B254: =IF(ISBLANK('February 2015'!F321),"",IF(ISTEXT('February 2015'!F321),0,'February 2015'!F321)) -> 950
A255: =IF(ISBLANK('February 2015'!A322),"",IF(ISTEXT('February 2015'!A322),0,'February 2015'!A322)) | B255: =IF(ISBLANK('February 2015'!F322),"",IF(ISTEXT('February 2015'!F322),0,'February 2015'!F322)) -> 125
A256: =IF(ISBLANK('February 2015'!A326),"",IF(ISTEXT('February 2015'!A326),0,'February 2015'!A326)) -> 414683 | B256: =IF(ISBLANK('February 2015'!F326),"",IF(ISTEXT('February 2015'!F326),0,'February 2015'!F326)) -> 777.92
A257: =IF(ISBLANK('February 2015'!A330),"",IF(ISTEXT('February 2015'!A330),0,'February 2015'!A330)) -> 414301 | B257: =IF(ISBLANK('February 2015'!F330),"",IF(ISTEXT('February 2015'!F330),0,'February 2015'!F330)) -> 12.5
...
